 Dungeon Crawl Stone Soup version 0.19.4-8-ga85b6b9 (webtiles) character file.

532 JNO the Chopper (level 7, -1/61 HPs)
             Began as a Hill Orc Fighter on Feb 7, 2017.
             Was a Priest of Zin.
             Killed from afar by a big kobold (17 damage)
             ... with a wand of lightning
             ... on level 5 of the Dungeon.
             The game lasted 00:29:12 (4431 turns).

JNO the Chopper (Hill Orc Fighter)                  Turns: 4431, Time: 00:29:12

Health: -1/61      AC:  8    Str: 21    XL:     7   Next: 24%
Magic:  7/7        EV:  8    Int: 11    God:    Zin [***...]
Gold:   134        SH: 10    Dex: 10    Spells: 0 memorised, 6 levels left

rFire  . . .     SeeInvis +     D - +1 war axe (flame)
rCold  . . .     Gourm    .     b - +0 scale mail
rNeg   . . .     Faith    .     c - +0 shield
rPois  .         Spirit   .     (no helmet)
rElec  .         Reflect  .     (no cloak)
rCorr  +         Harm     .     (no gloves)
MR     .....                    e - +0 pair of boots (curse)
Stlth  ..........               (no amulet)
                                x - ring of Grontol {Int+3 SInv}
                                m - ring of resist corrosion

@: no status effects
A: no striking features
a: Recite, Vitalisation, Imprison, Donate Gold, Renounce Religion


You were on level 5 of the Dungeon.
You worshipped Zin.
Zin was most pleased with you.
You were not hungry.

You visited 1 branch of the dungeon, and saw 5 of its levels.

You collected 282 gold pieces.
You donated 148 gold pieces to Zin.

Inventory:

Hand Weapons
 a - a +0 war axe
 l - a cursed -1 short sword
 r - a +0 vampiric dagger
 D - a +1 war axe of flaming (weapon)
Armour
 b - a +0 scale mail (worn)
 c - a +0 shield (worn)
 e - a cursed +0 pair of boots (worn)
Magical Staves
 v - an uncursed staff of power {unknown}
Jewellery
 m - a ring of resist corrosion (left hand)
 x - the ring of Grontol (right hand) {Int+3 SInv}
   (You found it on level 4 of the Dungeon)

   [ring of intelligence]

   It affects your intelligence (+3).
   It lets you see invisible.
Wands
 o - a wand of lightning (11/15)
 y - a wand of lightning (6/15)
Scrolls
 g - 5 scrolls of identify
 i - 2 scrolls of fog
 k - a scroll of teleportation
 p - 3 scrolls of recharging {unknown}
 w - a scroll of remove curse {unknown}
 A - a scroll of enchant weapon {unknown}
 F - a scroll of noise {unknown}
Potions
 d - a potion of might
 h - a potion of heal wounds {unknown}
 j - 2 potions of lignification {unknown}
 n - a potion of mutation {unknown}
 q - a potion of resistance {unknown}
 t - a potion of haste {unknown}
 u - a potion of cure mutation {unknown}
 C - a potion of ambrosia {unknown}
 E - a potion of agility {unknown}
Comestibles
 f - 5 chunks of flesh
 s - 2 bread rations
 z - a meat ration
 B - a beef jerky


   Skills:
 + Level 5.4 Fighting
 + Level 5.6 Axes
 + Level 5.4 Armour
 - Level 0.4 Dodging
 - Level 0.1 Stealth
 + Level 5.0 Shields


You had 6 spell levels left.
You didn't know any spells.

Dungeon Overview and Level Annotations

Branches:
Dungeon (5/15)
 Temple: D:4-7

Altars:
Zin


Message History

Unknown command.
g - 5 scrolls of identify (gained 1)
Items here: ( )) † an uncursed whip; an uncursed blowgun; 5 curare-tipped needles; a kobold corpse The big kobold shouts!
The big kobold zaps a wand.
The bolt of lightning hits you!
It is a wand of lightning.
There is an open door here.
You close the door.
The big kobold throws a stone.
You block the stone.
The big kobold throws a stone.
The stone barely misses you.
Found a bread ration.
Things that are here:
a stone; a glowing cloak
Okay, then.
The big kobold zaps a wand.
The bolt of lightning hits you!
The big kobold zaps a wand.
The bolt of lightning hits you!
* * * LOW HITPOINT WARNING * * *
The big kobold zaps a wand.
The bolt of lightning hits you!
You die...

...#
##†##.#.#'#......
#### #.##.#........#
#######....#........#
#................(..#
#...................#
#...................#
#...................#
#...................#
#.............K.@...#
#..........(.#+#.####
##########...#.#.#
##)...#.#
#.......####.#
#.......# #.#
#........ #..
#........ #..
#........#


You could see a big kobold.

Vanquished Creatures
  An ogre (D:5)
  A sky beast (D:5)
  A crimson imp (D:5)
  2 hounds
  A centaur skeleton (D:5)
  2 orc wizards (D:3)
  A worker ant (D:4)
  A hound skeleton (D:4)
  6 adders
  An ooze (D:1)
  An adder zombie (D:5)
  A worm (D:3)
  6 leopard geckos
  7 orcs
  3 ball pythons
  3 giant cockroaches
  6 goblins
  8 hobgoblins
  7 jackals
  6 bats
  4 frilled lizards
  9 kobolds
  5 rats
83 creatures vanquished.

Notes
Turn   | Place    | Note
-------+----------+-------------------------------------------
     0 | D:1      | JNO the Hill Orc Fighter began the quest for the Orb.
     0 | D:1      | Reached XP level 1. HP: 19/19 MP: 1/1
   184 | D:1      | Reached XP level 2. HP: 24/27 MP: 2/2
   263 | D:1      | You fall through a shaft!
   631 | D:1      | Reached XP level 3. HP: 33/33 MP: 3/3
  1630 | D:2      | Reached XP level 4. HP: 32/40 MP: 4/4
  2607 | D:3      | Reached XP level 5. HP: 46/46 MP: 5/5
  2884 | D:3      | Found a glowing silver altar of Zin.
  2890 | D:3      | Became a worshipper of Zin the Law-Giver
  3090 | D:4      | Got a heavily runed copper ring
  3121 | D:4      | Reached * piety under Zin
  3238 | D:4      | Reached ** piety under Zin
  3395 | D:4      | Reached XP level 6. HP: 49/53 MP: 6/6
  3843 | D:5      | Entered Level 5 of the Dungeon
  4095 | D:5      | Reached skill level 5 in Fighting
  4095 | D:5      | Reached skill level 5 in Axes
  4095 | D:5      | Reached skill level 5 in Armour
  4173 | D:5      | Identified the ring of Grontol {Int+3 SInv} (You found it on level 4 of the Dungeon)
  4195 | D:5      | Reached *** piety under Zin
  4197 | D:5      | Donated 120 gold pieces to Zin
  4236 | D:5      | Noticed a sky beast
  4248 | D:5      | Killed a sky beast
  4248 | D:5      | Reached XP level 7. HP: 61/61 MP: 7/7
  4383 | D:5      | Reached skill level 5 in Shields
  4431 | D:5      | Killed from afar by a big kobold

Skill      XL: |  1  2  3  4  5  6  7 |
---------------+----------------------+-----
Fighting       | 4 5 |  5.4
Axes           | 3 4 5 |  5.6
Armour         | 4 5 |  5.4
Shields        | 4 5 |  5.0
Dodging        | |  0.4
Stealth        | |  0.1

Action                   |  1- 3 |  4- 6 |  7- 9 || total
-------------------------+-------+-------+-------++-------
Melee: War axe           |   125 |   145 |    22 ||   292
Invok: Donate Gold       |       |     1 |       ||     1
  Use: Scroll            |       |     2 |     2 ||     4
  Eat: Bread ration      |     1 |       |     1 ||     2
       Chunk             |     1 |       |       ||     1
       Meat ration       |       |     1 |       ||     1
Armor: Scale mail        |    43 |    59 |     9 ||   111
Dodge: Dodged            |    32 |    43 |    10 ||    85
Block: Shield            |    65 |    80 |    11 ||   156
